Map: Frost LE

Players

Fropez - Winner!

  • Race: Protoss Protoss
  • League: Gold
  • Spawn Location: 5:00

ArocTV

  • Race: Protoss Protoss
  • League: Gold
  • Spawn Location: 1:00

VOD

Have the link to the VOD?

Description

Time

  • Played on: Sept. 9, 2016, 9:31 p.m.
  • Length: 18:11
Show
View Real Time Build Order
Export as new Build Order

Fropez Protoss - Winner!

Build Orders: Oracle Opening 

Get SALT Encoding   

  12  0:01  Probe (Chrono Boost)  
  13  0:18  Probe (Chrono Boost)  
  13  0:19  Pylon  
  15  0:28  Probe (Chrono Boost)  
  15  0:40  Gateway  
  15  0:41  Probe (Chrono Boost)  
  16  0:48  Assimilator  
  16  0:51  Probe (Chrono Boost)  
  17  1:01  Pylon  
  17  1:02  Probe (Chrono Boost)  
  18  1:11  Pylon  
  18  1:12  Probe (Chrono Boost)  
  19  1:23  Probe (Chrono Boost)  
  20  1:29  Cybernetics Core  
  20  1:33  Probe (Chrono Boost)  
  20  1:37  Assimilator  
  21  2:03  Nexus  
  21  2:08  Probe (Chrono Boost)  
  22  2:17  Stargate  
  22  2:20  Probe (Chrono Boost)  
  23  2:28  Warp Gate (Chrono Boost)  
  23  2:31  Probe (Chrono Boost)  
  24  2:43  Probe  
  25  2:44  Pylon  
  25  2:48  Pylon  
  25  2:55  Probe  
  26  3:00  Oracle (Chrono Boost)  
  29  3:08  Probe  
  30  3:16  Gateway  
  30  3:17  Gateway  
  30  3:25  Probe  
  32  3:27  Mothership Core  
  33  3:41  Assimilator  
  33  3:43  Assimilator, Oracle (Chrono Boost)  
  36  3:48  Probe  
  36  3:49  Probe  
  38  4:12  Probe  
  38  4:13  Probe  
  38  4:14  Oracle (Chrono Boost)  
  43  4:22  Pylon, Gateway  
  43  4:30  Pylon  
  43  4:34  Pylon  
  42  4:48  Oracle (Chrono Boost)  
  45  5:43  Adept  
  45  5:44  Adept x2  
  48  5:54  Gateway  
  45  6:08  Adept x4  
  53  6:12  Nexus  
  53  6:14  Pylon, Probe, Robotics Facility  
  53  6:15  Pylon, Probe  
  53  6:17  Robotics Facility  
  55  6:28  Forge, Probe  
  55  6:30  Phoenix (Chrono Boost)  
  55  6:31  Probe  
  59  6:44  Probe x2  
  61  6:49  Adept x4  
  61  6:52  Phoenix (Chrono Boost)  
  67  7:48  Immortal  
  67  7:49  Immortal  
  67  7:50  Phoenix (Chrono Boost)  
  59  7:53  Protoss Ground Weapons Level 1 (Chrono Boost)  
  59  8:01  Probe x2  
  59  8:02  Probe  
  62  8:12  Zealot x5  
  72  8:27  Phoenix  
  72  8:32  Immortal x2  
  82  8:38  Nexus  
  82  8:41  Adept x2  
  82  8:42  Adept, Assimilator  
  82  8:44  Assimilator  
  82  8:47  Pylon  
  82  8:48  Pylon  
  88  9:15  Probe  
  88  9:16  Probe  
  87  9:19  Immortal x2  
  87  9:22  Adept x2  
  87  9:23  Adept x3  
  102  9:41  Twilight Council  
  102  9:43  Probe  
  102  9:44  Probe  
  102  9:45  Probe  
  104  9:51  Probe  
  105  9:58  Immortal  
  110  10:04  Protoss Ground Armor Level 1 (Chrono Boost)  
  110  10:06  Phoenix  
  112  10:30  Probe  
  112  10:31  Probe x2  
  112  10:32  Probe  
  112  10:35  Adept x5  
  126  10:40  Phoenix  
  128  10:45  Resonating Glaives (Chrono Boost)  
  128  10:47  Warp Prism  
  130  10:52  Probe x2  
  130  10:53  Probe  
  133  11:01  Assimilator  
  133  11:04  Assimilator  
  133  11:18  Adept  
  133  11:19  Adept x4  
  143  11:28  Probe  
  143  11:30  Probe  
  145  11:43  Dark Shrine  
  145  11:45  Probe  
  146  11:48  Adept x5  
  156  11:55  Pylon x2  
  156  11:59  Pylon  
  156  12:00  Pylon  
  156  12:02  Pylon  
  124  13:26  Probe x2  
  106  13:27  Probe  
  109  13:40  Gateway x2  
  107  13:43  Gateway  
  107  13:44  Nexus, Dark Templar x5  
  107  13:46  Assimilator, Gateway  
  113  13:48  Gateway  
  113  13:50  Assimilator  
  113  13:51  Gateway  
  113  13:54  Gateway  
  105  13:56  Gateway  
  93  14:30  Dark Templar x5  
  103  14:37  Nexus  
  103  14:40  Assimilator  
  103  14:44  Assimilator  
  103  14:47  Pylon  
  103  14:48  Pylon  
  103  14:50  Observer x2 (Chrono Boost)  
  105  14:57  Pylon  
  101  15:17  Dark Templar x3  
  84  15:31  Dark Templar x2  
  83  15:41  Zealot  
  83  15:42  Zealot x5  
  81  15:43  Zealot x2  
  67  16:17  Stalker x2  
  67  16:18  Stalker x5  
  77  16:19  Stalker x3  
  77  16:21  Probe x2  
  77  16:23  Probe  
  88  16:32  Probe  
  82  16:35  Probe  
  84  16:46  Stalker x5  
  94  16:47  Stalker x3  
  98  17:00  Probe  
  95  17:10  Probe  
  95  17:14  Dark Templar  
  95  17:15  Dark Templar x7  
Show
View Real Time Build Order
Export as new Build Order

ArocTV Protoss 

Build Orders: 1 Gate Expand 

Get SALT Encoding   

  12  0:04  Probe (Chrono Boost)  
  13  0:16  Probe (Chrono Boost)  
  14  0:24  Pylon  
  15  0:28  Probe (Chrono Boost)  
  15  0:42  Probe (Chrono Boost)  
  16  0:45  Gateway  
  16  0:53  Probe (Chrono Boost)  
  16  0:54  Assimilator  
  17  1:03  Probe (Chrono Boost)  
  18  1:14  Probe (Chrono Boost)  
  19  1:25  Probe (Chrono Boost)  
  20  1:32  Cybernetics Core  
  20  1:39  Nexus  
  20  1:49  Probe (Chrono Boost)  
  20  1:50  Assimilator  
  21  2:09  Gateway  
  21  2:10  Gateway  
  21  2:18  Mothership Core (Chrono Boost)  
  21  2:22  Pylon  
  23  2:28  Warp Gate (Chrono Boost)  
  23  2:40  Probe, Stalker  
  26  2:52  Probe  
  26  2:57  Probe  
  27  3:04  Probe  
  29  3:07  Stalker  
  29  3:08  Probe, Stalker  
  34  3:16  Probe  
  34  3:19  Probe  
  35  3:22  Pylon  
  36  3:28  Pylon  
  36  3:30  Probe  
  37  3:35  Probe, Sentry  
  37  3:40  Assimilator  
  40  3:42  Probe  
  40  3:48  Forge, Probe  
  42  3:55  Probe  
  42  3:59  Probe  
  39  4:12  Probe  
  39  4:13  Probe  
  41  4:28  Photon Cannon  
  41  4:30  Photon Cannon  
  41  4:32  Stalker  
  41  4:33  Stalker  
  41  4:35  Stalker  
  47  4:47  Probe  
  47  4:51  Protoss Ground Weapons Level 1 (Chrono Boost)  
  48  4:59  Gateway  
  48  5:00  Probe x2 (Chrono Boost)  
  48  5:01  Assimilator  
  50  5:11  Probe x2 (Chrono Boost)  
  50  5:35  Stalker x2  
  50  5:36  Stalker  
  57  5:57  Probe x2 (Chrono Boost)  
  58  6:07  Probe (Chrono Boost)  
  58  6:08  Probe (Chrono Boost)  
  60  6:11  Pylon  
  60  6:13  Adept, Pylon  
  60  6:16  Pylon  
  60  6:18  Pylon  
  62  6:26  Twilight Council  
  62  6:30  Probe x2 (Chrono Boost)  
  64  6:52  Robotics Facility  
  64  6:55  Gateway  
  64  6:58  Gateway  
  64  7:01  Gateway  
  64  7:04  Probe (Chrono Boost)  
  64  7:06  Nexus  
  64  7:15  Photon Cannon  
  64  7:17  Photon Cannon  
  64  7:20  Pylon  
  64  7:23  Photon Cannon  
  53  7:59  Observer  
  54  8:08  Probe (Chrono Boost)  
  54  8:09  Probe (Chrono Boost)  
  54  8:11  Blink (Chrono Boost)  
  56  8:12  Protoss Ground Weapons Level 2  
  56  8:17  Stalker x2  
  56  8:18  Probe, Stalker  
  62  8:20  Probe  
  62  8:22  Probe  
  65  8:29  Probe  
  65  8:30  Pylon  
  65  8:32  Probe  
  65  8:33  Probe  
  67  8:39  Probe  
  69  8:44  Probe  
  69  8:45  Pylon  
  70  8:50  Probe  
  68  8:57  Probe, Stalker  
  68  8:58  Stalker x3  
  77  9:39  Adept  
  77  9:40  Adept x6  
  91  9:46  Immortal  
  91  9:49  Probe  
  91  9:51  Probe  
  97  9:53  Probe  
  98  10:00  Probe  
  98  10:03  Probe x2  
  101  10:10  Probe  
  101  10:14  Probe  
  102  10:15  Probe  
  102  10:21  Probe  
  102  10:24  Probe  
  102  10:27  Probe  
  103  10:41  Zealot x2  
  103  10:42  Dark Shrine, Zealot x5  
  117  10:43  Robotics Bay  
  117  10:47  Charge (Chrono Boost)  
  117  10:57  Assimilator  
  117  11:00  Assimilator  
  117  11:05  Photon Cannon  
  117  11:06  Photon Cannon  
  117  11:18  Zealot  
  117  11:19  Zealot x3  
  117  11:20  Zealot  
  125  11:29  Pylon  
  125  11:30  Pylon  
  125  11:35  Pylon x2  
  125  11:38  Protoss Ground Weapons Level 3  
  125  11:56  Zealot x5  
  125  11:57  Probe, Zealot x2  
  125  11:58  Probe  
  125  11:59  Probe  
  142  12:08  Probe  
  142  12:09  Disruptor (Chrono Boost), Probe  
  147  12:20  Adept x3  
  147  12:21  Adept  
  155  12:22  Sentry  
  147  12:33  Probe  
  147  12:34  Probe x2  
  148  12:43  Zealot x3  
  150  12:46  Probe x2  
  132  13:08  Zealot x3  
  132  13:09  Zealot  
  102  13:33  Pylon  
  102  13:34  Pylon  
  102  13:37  Pylon  
  85  14:32  Photon Cannon  
  77  15:11  Photon Cannon  
  77  15:14  Photon Cannon  
  77  15:16  Photon Cannon  
  59  15:46  Observer (Chrono Boost)  
  59  15:48  Stalker x2  
  59  15:49  Stalker  
  64  15:52  Sentry  
  61  16:10  Stalker x2  
  63  16:42  Probe  
  63  16:44  Probe x2  
  66  16:53  Probe  
  66  16:56  Probe x2  
  67  17:08  Probe  
  68  17:11  Probe  
  69  17:18  Cybernetics Core  
  69  17:26  Pylon  
  69  17:36  Dark Templar x2  
Tags
 
League
GoldGold
Matchup
PvP
Replay Pack
All Mines
Spawn Locations
Close Positions
Add a new tag
Caveats
  • Supply blocks, unpowered buildings, or Contaminate may cause inaccurate times.
  • Supply counts are checked every 10 seconds.